 Dungeon Sprint DCSS version 0.29.1-14-g9c671dbff4 (webtiles) character file.

Game seed: 14217105510331934986

2746 Groucho the Unseen (level 9, -18/34 HPs)
             Began as a Felid Enchanter on Feb 18, 2023.
             Was an Elder of Dithmenos.
             Demolished by a crystal guardian (21 damage)
             ... in the Dungeon (Sprint II: "The Violet Keep of Menkaure").
             The game lasted 00:10:04 (917 turns).

Groucho the Unseen (Felid Enchanter)                 Turns: 917, Time: 00:10:05

Health: -18/34     AC:  2    Str:  8    XL:     9   Next: 41%
Magic:  21/25      EV: 26    Int: 17    God:    Dithmenos [****..]
Gold:   701        SH:  0    Dex: 17    Spells: 16/30 levels left
                                        Lives:  0   Deaths: 2

rFire   . . .      SeeInvis +     - Unarmed
rCold   . . .      Faith    .   (shield unavailable)
rNeg    . . .      Spirit   .   (body armour unavailable)
rPois   .          Reflect  .   (helmet unavailable)
rElec   .          Harm     .   (cloak unavailable)
rCorr   .          Rampage  .   (gloves unavailable)
Will    +....      NoTele   +   (boots unavailable) Stlth *+++++++++
                                (no amulet)
HPRegen 0.11/turn               a - ring of flight
MPRegen 0.19/turn               (no ring)

@: flying, wreathed by umbra, quick
A: very small, claws 1, fangs 3, see invisible, speed 1, shaggy fur 2, stealthy
paws, no weapons or thrown items, no armour, multi-lived
a: Renounce Religion, Shadow Step


You were in the Dungeon.
You worshipped Dithmenos.
Dithmenos was greatly pleased with you.
You visited 1 branch You collected 1215 gold pieces.
You spent 514 gold pieces at shops.

Inventory:

Jewellery
 a - a ring of flight (left paw)
Scrolls
 b - a scroll of enchant weapon {unknown}
Potions
 e - 2 potions of magic
 f - a potion of berserk rage


   Skills:
 + Level 13.3 Dodging
 - Level 18.0 Stealth
 + Level 12.1 Unarmed Combat
 + Level 11.4 Spellcasting
 + Level 4.7 Conjurations
 - Level 14.0 Hexes
 * Level 7.0 Earth Magic


You had 16 spell levels left.
You knew the following spells:

 Your Spells              Type           Power      Damage    Failure   Level
a - Ensorcelled Hibernat  Hex/Ice        66%        N/A       1%          2
b - Confusing Touch       Hex            55%        N/A       1%          3
c - Dazzling Flash        Conj/Hex       82%        N/A       1%          3
d - Passwall              Tmut/Erth      17%        N/A       2%          2
e - Sandblast             Erth           66%        2d15      1%          1
f - Stone Arrow           Conj/Erth      58%        3d10      1%          3

Your spell library contained the following spells:

 Spells                   Type           Power      Damage    Failure   Level
 Tukima's Dance           Hex            55%        N/A       1%          3


Dungeon Overview and Level Annotations

Branches:
Dungeon (1/1)

Altars:
Cheibriados
Dithmenos
Elyvilon
Fedhas
Gozag
Hepliaklqana
Kikubaaqudgha
Makhleb
Nemelex Xobeh
Okawaru
Qazlal
Ru
Sif Muna
Trog
Uskayaw
Vehumet
Wu Jian
Xom
Yredelemnul
Zin
The Shining One
Jiyva
Lugonu

Shops:
D !?:=(==:*[![=(!

Annotations:
D exclusions: ice statue and oklob plant


Innate Abilities, Weirdness & Mutations

You have sharp claws.
You have razor-sharp teeth.
You have supernaturally acute eyesight. (SInv)
You cover ground quickly. (Speed+)
You are covered in thick fur. (AC +2)
Your paws help you pounce on unaware monsters.
You are incapable of wielding weapons or throwing items.
You cannot wear armour.
You gain extra lives every three experience levels.


Message History

You cannot target yourself.
Okay, then.
Aiming: Shadow Step
Press: ? - help, Dir - move target, f - swamp drake
Aim: a swamp drake (asleep, umbra)
You fail to use your ability.
Unknown command.
Unknown command.
Aiming: Shadow Step
Press: ? - help, Dir - move target, f/p - swamp drake
Aim: a swamp drake (asleep, umbra)
You step into the swamp drake's shadow.
A death drake, a crystal guardian and a swamp drake come into view.
Found 3 fizzy emerald potions.
The helpless swamp drake fails to defend itself.
You eviscerate the swamp drake!!!!!
You kill the swamp drake!
Dithmenos accepts your kill.
The helpless swamp drake fails to defend itself.
You eviscerate the swamp drake!!!!
You kill the swamp drake!
Dithmenos accepts your kill.
Your Earth Magic skill increases to level 7!
The death drake completely misses you.
You scratch the crystal guardian.
The crystal guardian is lightly damaged.
The crystal guardian fires a crystalline bolt at you.
The crystal bolt burns you!!
Ouch! That really hurt!
* * * LOW HITPOINT WARNING * * *
You emit a cloud of dark smoke.
Unknown command.
You are too injured to fight recklessly!
You are too injured to fight recklessly!
You are too injured to fight recklessly!
Unknown command.
Unknown command.
The crystal guardian hits you!!
Ouch! That really hurt!
You die...

+#### ≈≈≈≈## ≈≈≈≈≈## 8≈○≈≈≈##++##
○≈≈≈≈##§§^.### ≈≈≈ #)§§....##
+#+++#####....#§##
......#$†'†...#9k#
#+##..#.†####.#k@#
.#.##.####..'.##§# °▓$!)![!)$▓▓
###.# ...#..#^..####▓!)$($)(!▓▓
.#.####..#####..##)#▓?!$($([?▓▓
#'###.##..#..'..#..#▓$?$$?$?=▓▓
#.##...#..#..#..#..#▓(!?[(=?[▓▓
.<.')#.'..####..##.#▓)[$)!$?$▓▓
#.##...#....###...##▓▓▓▓▓▓▓+▓▓▓▓+
#'###.##......~~~~~~~~~~~~~...X≈≈


You could see 2 death drakes and a crystal guardian.

Vanquished Creatures
  A deep elf master archer (D)
  2 boulder beetles (D)
  3 shining eyes (D)
  3 manticores (D)
  A merfolk siren (D)
  2 unseen horrors (D)
  A yaktaur (D)
  A hornet (D)
  3 polar bears (D)
  2 wyverns (D)
  Menkaure (D)
  A water moccasin (D)
  2 swamp drakes (D)
  A scorpion (D)
  4 necrophages (D)
28 creatures vanquished.

Vanquished Creatures (others)
  A water moccasin (D)
  7 tentacles (D)
8 creatures vanquished.

Grand Total: 36 creatures vanquished

Notes
Turn   | Place    | Note
-------+----------+-------------------------------------------
     0 | D        | Groucho the Felid Enchanter began the quest for the Orb.
     0 | D        | Reached XP level 1. HP: 7/7 MP: 4/4
     3 | D        | Noticed a wyvern
     3 | D        | Noticed a wyvern
     6 | D        | Noticed a merfolk siren
     9 | D        | Noticed a necrophage
     9 | D        | Noticed a necrophage
     9 | D        | Noticed a necrophage
     9 | D        | Noticed a necrophage
    17 | D        | Killed a necrophage
    18 | D        | Reached skill level 7 in Stealth
    18 | D        | Reached XP level 2. HP: 11/11 MP: 4/7
    18 | D        | Reached XP level 3. HP: 14/14 MP: 5/9
    27 | D        | Killed a necrophage
    28 | D        | Reached skill level 9 in Stealth
    28 | D        | Reached XP level 4. HP: 17/18 MP: 6/11
    30 | D        | Killed a necrophage
    31 | D        | Reached skill level 10 in Stealth
    31 | D        | Reached XP level 5. HP: 20/21 MP: 7/13
    33 | D        | Reached skill level 11 in Stealth
    33 | D        | Reached skill level 5 in Unarmed Combat
    33 | D        | Reached skill level 5 in Spellcasting
    40 | D        | Noticed a boulder beetle
    40 | D        | Noticed a boulder beetle
    46 | D        | Killed a wyvern
    47 | D        | Reached skill level 13 in Stealth
    47 | D        | Reached skill level 10 in Hexes
    47 | D        | Gained mutation: You are covered in thick fur. (AC +2)
                  | [Felid growth]
    47 | D        | Reached XP level 6. HP: 24/24 MP: 10/16
    49 | D        | Killed a wyvern
    50 | D        | Reached skill level 14 in Stealth
    50 | D        | Reached XP level 7. HP: 27/27 MP: 10/17
    61 | D        | Killed a merfolk siren
    62 | D        | Reached skill level 15 in Stealth
    68 | D        | Killed a boulder beetle
    69 | D        | Reached skill level 16 in Stealth
    69 | D        | Reached XP level 8. HP: 31/31 MP: 12/20
    72 | D        | Killed a boulder beetle
    73 | D        | Reached skill level 17 in Stealth
    73 | D        | Reached XP level 9. HP: 34/34 MP: 12/22
    76 | D        | Found Narorphu's Jewellery Shoppe.
    76 | D        | Found Fiar's Antique Weapon Shoppe.
    76 | D        | Found Pyfuzom's Distillery.
    76 | D        | Found Winliw's Antique Armour Emporium.
    76 | D        | Found Tim Besm's General Store.
    76 | D        | Found Iru Monn's Antique Armour Shoppe.
    97 | D        | Found Lauleosh's Book Shoppe.
    97 | D        | Found Elous's Jewellery Emporium.
    98 | D        | Found Sohoexec's Jewellery Emporium.
    99 | D        | Found Ashryow's Distillery.
   100 | D        | Found Deomam's Weapon Shoppe.
   100 | D        | Found Raleac's Jewellery Emporium.
   100 | D        | Noticed an oklob plant
   101 | D        | Found Asmif's Magic Scroll Shoppe.
   101 | D        | Found Xepn's Distillery.
   101 | D        | Found Qaterer's Book Shoppe.
   114 | D        | Noticed a polar bear
   118 | D        | Bought a book of Geomancy for 216 gold pieces
   119 | D        | Noticed a polar bear
   121 | D        | Learned a level 2 spell: Ensorcelled Hibernation
   125 | D        | Learned a level 3 spell: Confusing Touch
   129 | D        | Learned a level 3 spell: Dazzling Flash
   132 | D        | Learned a level 2 spell: Passwall
   134 | D        | Learned a level 1 spell: Sandblast
   138 | D        | Learned a level 3 spell: Stone Arrow
   149 | D        | Noticed a great orb of eyes
   158 | D        | Bought a ring of flight for 210 gold pieces
   182 | D        | Found a stormy altar of Qazlal.
   182 | D        | Found an ornate altar of the Wu Jian Council.
   183 | D        | Found a hazy altar of Hepliaklqana.
   183 | D        | Found a sacrificial altar of Ru.
   183 | D        | Found a shimmering altar of Xom.
   183 | D        | Noticed Menkaure
   184 | D        | Found a viscous altar of Jiyva.
   184 | D        | Found a shimmering blue altar of Sif Muna.
   185 | D        | Found a snail-covered altar of Cheibriados.
   185 | D        | Found an ancient bone altar of Kikubaaqudgha.
   185 | D        | Found a bloodstained altar of Trog.
   186 | D        | Found a shadowy altar of Dithmenos.
   186 | D        | Found a corrupted altar of Lugonu.
   187 | D        | Found a white marble altar of Elyvilon.
   187 | D        | Found a burning altar of Makhleb.
   188 | D        | Found a blossoming altar of Fedhas.
   189 | D        | Found an opulent altar of Gozag.
   189 | D        | Found a glowing golden altar of the Shining One.
   189 | D        | Found a basalt altar of Yredelemnul.
   189 | D        | Found a hide-covered altar of Uskayaw.
   189 | D        | Found a sparkling altar of Nemelex Xobeh.
   190 | D        | Found a glowing silver altar of Zin.
   190 | D        | Found a radiant altar of Vehumet.
   190 | D        | Found an iron altar of Okawaru.
   194 | D        | Became a worshipper of Dithmenos the Shadowed
   202 | D        | Killed Menkaure
   212 | D        | Noticed an unseen horror
   213 | D        | Noticed an unseen horror
   214 | D        | Killed an unseen horror
   215 | D        | Reached skill level 18 in Stealth
   216 | D        | Killed an unseen horror
   216 | D        | Reached * piety under Dithmenos
   226 | D        | Noticed a shining eye
   226 | D        | Noticed a shining eye
   226 | D        | Noticed a shining eye
   228 | D        | Killed a shining eye
   229 | D        | Reached skill level 10 in Dodging
   229 | D        | Reached skill level 10 in Unarmed Combat
   230 | D        | Killed a shining eye
   231 | D        | Reached skill level 10 in Spellcasting
   231 | D        | Killed a shining eye
   231 | D        | Reached ** piety under Dithmenos
   232 | D        | Reached XP level 10. HP: 26/37 MP: 23/25
   237 | D        | Noticed a deep elf master archer
   240 | D        | Noticed a manticore
   240 | D        | Noticed a manticore
   240 | D        | Noticed a manticore
   242 | D        | Killed a manticore
   243 | D        | Reached skill level 1 in Conjurations
   243 | D        | Killed a manticore
   249 | D        | Killed from afar by a manticore
   250 | D        | Reached XP level 9. HP: -1/34 MP: 24/24
   264 | D        | Noticed a polar bear
   265 | D        | Noticed a yaktaur
   266 | D        | Noticed a polar bear
   266 | D        | Noticed a polar bear
   267 | D        | Killed a polar bear
   267 | D        | Reached *** piety under Dithmenos
   268 | D        | Killed a polar bear
   274 | D        | Killed a polar bear
   276 | D        | Killed a yaktaur
   276 | D        | Reached **** piety under Dithmenos
   277 | D        | Reached skill level 5 in Earth Magic
   290 | D        | Killed a manticore
   331 | D        | Reached XP level 10. HP: 37/37 MP: 26/26
   333 | D        | Noticed an ice statue
   386 | D        | Bought a potion of invisibility for 88 gold pieces
   416 | D        | Noticed a death drake
   428 | D        | Killed a deep elf master archer
   450 | D        | Noticed a kraken
   468 | D        | Slain by a tentacle
   469 | D        | Reached XP level 9. HP: -1/34 MP: 23/25
   912 | D        | Noticed a death drake
   912 | D        | Noticed a crystal guardian
   917 | D        | Demolished by a crystal guardian

Illustrated notes

Levels and vault maps discovered:
D:        the_violet_keep_of_menkaure [sprint2_stairs_cluster_1,
          sprint2_shoproom, sprint2_temple, sprint2_basic_supplies,
          sprint2_obstacle_7, sprint2_obstacle_6, sprint2_obstacle_2,
          sprint2_obstacle_3, sprint2_obstacle_4, sprint2_timed_cluster_1,
          sprint2_smallroom_cluster_1, sprint2_smallroom_final_cluster_1,
          sprint2_transparent_cluster_1, sprint2_second_timed_cluster_1,
          sprint2_sniper_area_1, sprint2_heavy_combat_area_1,
          sprint2_mutation_trap_area_1, sprint2_forest_area_1,
          sprint2_light_combat_area_1, sprint2_behind_water_1,
          sprint2_near_end_vault_1]

Skill      XL: |  1  2  3  4  5  6  7  8  9 10 |
---------------+-------------------------------+-----
Stealth        | 7 9 10 13 14 16 17 18 | 18.0
Unarmed Combat | 3 4 6 8 10 12 | 12.1
Spellcasting   | 3 4 6 7 8 11 | 11.4
Hexes          | 6 7 8 10 12 13 14 | 14.0
Dodging        | 6 8 12 13 | 13.3
Conjurations   | 3 4 |  4.7
Earth Magic    | 7 6 |  7.0

Action                   |  1- 3 |  4- 6 |  7- 9 | 10-12 || total
-------------------------+-------+-------+-------+-------++-------
Melee: Unarmed           |    15 |     4 |    29 |    10 ||    58
       Bite              |     3 |       |       |       ||     3
       Punch             |     2 |       |     1 |       ||     3
 Cast: Stone Arrow       |       |       |     7 |     1 ||     8
       Ensorcelled Hiber |       |       |     3 |       ||     3
       Confusing Touch   |       |       |     2 |       ||     2
Invok: Shadow Step       |       |       |     1 |       ||     1
  Use: Potion            |     3 |       |     1 |     2 ||     6
       Scroll            |       |       |       |     1 ||     1
 Stab: Invisible         |     4 |       |     3 |       ||     7
       Sleeping          |     1 |     4 |    16 |     4 ||    25
       Confused          |       |       |     1 |       ||     1
Dodge: Dodged            |     7 |       |     9 |    19 ||    35
